 Dungeon Crawl Stone Soup version 0.17.1-1-g73c8601 (webtiles) character file.

121 Gargoyl the Skirmisher (level 4, -1/37 HPs)
             Began as a Demonspawn Abyssal Knight on Dec 29, 2015.
             Was a Priest of Lugonu.
             Slain by Grinder (8 damage)
             ... on level 3 of the Dungeon.
             The game lasted 00:06:20 (2828 turns).

Gargoyl the Skirmisher (Demonspawn Abyssal Knight)  Turns: 2828, Time: 00:06:20

Health: -1/37      AC:  9    Str: 19    XL:     4   Next: 77%
Magic:  5/5        EV: 10    Int: 18    God:    Lugonu [***...]
Gold:   67         SH:  0    Dex: 14    Spells: 0 memorised, 3 levels left

rFire  + + .     SeeInvis .     a - +1 hand axe
rCold  + . .     Clarity  .     r - +1 scale mail {rF+}
rNeg   . . .     SustAt   .     (no shield)
rPois  +         Gourm    .     (helmet restricted)
rElec  +         Spirit   .     (no cloak)
rCorr  +         Warding  .     (no gloves)
rMut   .         Stasis   .     j - +1 pair of boots
MR     .....                    (no amulet)
Stlth  ..........               o - ring of loudness (curse)
                                n - +2 ring of dexterity

@: mighty, brilliant, resistant, very slightly contaminated, hasted, very quick,
not resistant to hostile enchantments, extremely unstealthy
A: antennae 2
a: Depart the Abyss, Bend Space, Banish, Renounce Religion


You were on level 3 of the Dungeon.
You worshipped Lugonu.
Lugonu was most pleased with you.
You were not hungry.

You visited 1 branch of the dungeon, and saw 3 of its levels.
You visited the Abyss 1 time.

You collected 67 gold pieces.

Inventory:

Hand Weapons
 a - a +1 hand axe (weapon)
Armour
 j - a +1 pair of boots (worn)
 r - a +1 scale mail of fire resistance (worn)
Jewellery
 n - a +2 ring of dexterity (left hand)
 o - a cursed ring of loudness (right hand)
Wands
 b - a wand of fireball (9)
Scrolls
 g - a scroll of identify
 p - a scroll of amnesia
Potions
 m - 3 potions of haste
Comestibles
 c - a bread ration
 k - a beef jerky
 l - 2 meat rations
 q - a royal jelly
 u - 2 fruits
 v - a slice of pizza


   Skills:
 + Level 3.9 Fighting
 + Level 2.4 Axes
 + Level 2.3 Armour
 + Level 2.4 Dodging
 + Level 2.6 Invocations


You had 3 spell levels left.
You didn't know any spells.

Dungeon Overview and Level Annotations

Branches:
Dungeon (3/15)

Altars:
Dithmenos
The Shining One

Annotations:
D:3 Grinder


Innate Abilities, Weirdness & Mutations

You have a pair of antennae on your head.


Message History

Grinder gestures at you. You resist with significant effort.
You barely miss Grinder.
Grinder is heavily wounded.
Grinder gestures.
Grinder blinks!
Grinder gestures at you.
You barely resist. You hit Grinder.
Grinder is heavily wounded.
Grinder hits you but does no damage.
You barely miss Grinder.
Grinder is heavily wounded.
Grinder closely misses you.
You slash Grinder!
Grinder is severely wounded.
You slash Grinder!
Grinder is almost dead.
Grinder hits you!
You die...

####...######....,,,,**,*****,,**
................#***,**,* *,,,*
####...#######..# *,#*,* *,,,,
##.## #..# *.#*,* *,,,,
#.########..####.#*,******,*, ##
#...........##...#*,,,,,,,,,, .#
###########.##.##*********,*, .#
#5#...#**** **,*, .#
#.@.#.....#****,,,, .#
###...###...,,,,,,, .# ##.##
***#***,,,* .# *.# **,** .# *)#
*,* .# *.#***** *,* .# *..,,,,*
*,* .####### *##***,* *,**
.......# *,* *,,,


You could see Grinder.

Vanquished Creatures
  4 adders
  An ooze (D:2)
  A worm (D:3)
  5 giant cockroaches
  11 goblins
  5 hobgoblins
  2 jackals (D:2)
  A ball python (D:2)
  5 bats
  3 giant newts
  6 kobolds
  40 rats
84 creatures vanquished.

Notes
Turn   | Place    | Note
--------------------------------------------------------------
     0 | Abyss:1  | Gargoyl the Demonspawn Abyssal Knight began the quest for the Orb.
     0 | Abyss:1  | Reached XP level 1. HP: 18/18 MP: 2/2
    31 | Abyss:1  | Noticed a large abomination
    99 | Abyss:2  | Noticed a large abomination
   111 | Abyss:3  | Found a corrupted altar of Lugonu.
   158 | Abyss:3  | Noticed a large abomination
   199 | Abyss:3  | Noticed an orange demon
   201 | D:1      | Escaped the Abyss
   248 | D:1      | Reached * piety under Lugonu
   355 | D:1      | Found a glowing golden altar of the Shining One.
   394 | D:1      | Gained mutation: You have a pair of small antennae on your head. [demonic ancestry]
   394 | D:1      | Reached XP level 2. HP: 18/24 MP: 3/3
   519 | D:1      | Reached skill level 1 in Dodging
   930 | D:2      | Reached XP level 3. HP: 30/30 MP: 4/4
   981 | D:2      | Found a shadowy altar of Dithmenos.
  1018 | D:2      | Reached ** piety under Lugonu
  1459 | D:2      | Gained mutation: You have a pair of antennae on your head. [demonic ancestry]
  1459 | D:2      | Reached XP level 4. HP: 35/37 MP: 5/5
  1522 | D:2      | Reached *** piety under Lugonu
  2791 | D:3      | Noticed Grinder
  2809 | D:3      | Paralysed by Grinder for 7 turns
  2828 | D:3      | Slain by Grinder

Action                   |  1- 3 |  4- 6 || total
-------------------------+-------+-------++-------
Melee: Hand axe          |   160 |   138 ||   298
Invok: Depart the Abyss  |     1 |       ||     1
  Use: Potion            |       |     7 ||     7
       Scroll            |       |     5 ||     5
  Eat: Bread ration      |     1 |     1 ||     2
